Map: Emerald City LE

Players

Shadaris

  • Race: Zerg Zerg
  • Spawn Location: 5:00

Teronar

  • Race: Terran Terran
  • Spawn Location: 5:00

Nightmare - Winner!

  • Race: Protoss Protoss
  • Spawn Location: 11:00

XxDepravity - Winner!

  • Race: Zerg Zerg
  • Spawn Location: 11:00

VOD

Have the link to the VOD?

Description

Pretty Quiet early game. 2 Huge forces collide in the end.

Time

  • Played on: Dec. 2, 2018, 6:23 p.m.
  • Length: 14:30
Show
View Real Time Build Order
Export as new Build Order

Shadaris Zerg 

Build Orders: Pool First 

Get SALT Encoding   

  12  0:18  Spawning Pool  
  11  0:28  Overlord  
  11  0:34  Drone  
  12  0:37  Drone  
  12  0:41  Extractor  
  12  1:00  Drone x2  
  14  1:08  Queen  
  16  1:26  Drone x3  
  19  1:36  Extractor  
  18  1:52  Hatchery  
  17  2:00  Zergling x2  
  17  2:01  Zergling x2  
  19  2:02  Zergling x2  
  20  2:16  Lair  
  20  2:34  Drone x2  
  22  2:37  Overlord  
  22  2:59  Drone x2  
  24  3:09  Drone  
  24  3:10  Drone x2  
  27  3:19  Queen  
  29  3:32  Spire  
  28  3:44  Drone x2  
  28  3:47  Drone  
  31  3:51  Spine Crawler  
  30  4:10  Infestation Pit  
  29  4:17  Drone x3  
  29  4:18  Drone  
  29  4:19  Drone  
  29  4:20  Drone  
  35  4:27  Drone  
  36  4:32  Extractor  
  36  4:35  Extractor  
  36  4:36  Overlord x2  
  34  4:49  Mutalisk  
  36  4:54  Overlord x2  
  36  5:10  Corruptor x2  
  40  5:15  Drone  
  41  5:34  Drone x5  
  46  5:49  Hatchery  
  45  5:58  Zerg Flyer Weapons Level 1  
  45  6:06  Mutalisk  
  47  6:23  Drone x5  
  47  6:24  Drone  
  53  6:46  Hive, Pneumatized Carapace  
  53  6:56  Mutalisk x4  
  61  7:09  Overseer x2  
  61  7:17  Queen  
  64  7:22  Drone  
  64  7:23  Drone x2  
  66  7:30  Burrow  
  66  7:40  Drone x7  
  73  7:47  Pathogen Glands  
  73  7:52  Zerg Flyer Armor Level 1  
  73  8:16  Extractor  
  73  8:19  Drone x2  
  74  8:20  Extractor  
  74  8:22  Overlord x3  
  74  8:23  Overlord x4  
  73  8:42  Mutalisk x2  
  73  8:43  Neural Parasite, Mutalisk x5  
  73  8:45  Corruptor  
  89  9:15  Corruptor x4  
  95  9:45  Corruptor x3  
  95  9:46  Zerg Flyer Weapons Level 2  
  101  10:50  Overlord x3  
  101  10:51  Hatchery  
  101  10:53  Overlord  
  101  10:54  Overlord x4  
  100  10:57  Overlord x3  
  100  10:58  Overlord  
  100  11:05  Corruptor x2  
  104  11:22  Spire  
  103  11:38  Corruptor  
  103  11:39  Corruptor x7  
  113  11:40  Corruptor  
  121  12:02  Extractor, Zerg Flyer Armor Level 2  
  121  12:05  Extractor  
  119  12:09  Drone x2  
  119  12:10  Drone  
  122  12:26  Drone x3  
  125  12:32  Drone x2  
  125  12:33  Drone  
  125  12:36  Drone  
  125  12:37  Drone x4  
  133  12:46  Overlord x5  
  133  13:04  Corruptor x5  
  133  13:05  Corruptor x2  
  147  13:13  Overseer x2  
  64  13:38  Corruptor x6  
  64  13:39  Corruptor x2  
Show
View Real Time Build Order
Export as new Build Order

Teronar Terran 

Build Orders:  

Get SALT Encoding   

  12  0:01  SCV  
  13  0:18  SCV  
  13  0:19  Supply Depot  
  14  0:27  Refinery  
  14  0:34  SCV  
  15  0:45  Barracks  
  15  0:48  SCV  
  16  1:11  SCV  
  16  1:16  Refinery  
  17  1:23  SCV  
  18  1:37  Barracks  
  18  1:38  Marine  
  19  1:42  SCV  
  20  1:51  Supply Depot  
  20  1:54  SCV  
  20  1:55  Marine  
  22  2:07  SCV  
  23  2:18  Marine  
  23  2:22  Orbital Command  
  24  2:26  Barracks Tech Lab  
  24  2:33  Factory  
  24  2:38  Barracks Reactor  
  24  2:48  SCV  
  25  2:52  Marauder  
  27  3:12  SCV  
  28  3:15  Marine x2  
  28  3:16  Command Center  
  30  3:24  Factory Tech Lab  
  30  3:28  SCV, Supply Depot  
  31  3:36  Stimpack  
  31  3:49  Siege Tank  
  31  3:50  Marauder  
  36  4:05  Marine x2  
  36  4:09  Supply Depot  
  38  4:28  Marauder  
  40  4:35  SCV  
  41  4:39  Supply Depot  
  41  4:42  Engineering Bay  
  41  4:45  Siege Tank  
  41  4:47  SCV  
  46  5:00  SCV  
  46  5:02  Supply Depot  
  46  5:04  Marine x2  
  46  5:06  Marauder  
  50  5:12  SCV  
  51  5:20  SCV  
  52  5:24  SCV  
  52  5:25  Starport  
  53  5:36  Combat Shield, SCV  
  53  5:39  Missile Turret  
  54  5:48  SCV, Missile Turret  
  55  5:50  Factory  
  55  5:52  Terran Infantry Weapons Level 1  
  55  5:58  Siege Tank  
  55  6:00  SCV  
  55  6:01  Missile Turret  
  55  6:02  Medivac  
  61  6:10  Missile Turret  
  61  6:12  SCV  
  62  6:21  Refinery  
  62  6:24  Refinery, SCV  
  63  6:31  Missile Turret  
  63  6:34  Missile Turret  
  63  6:40  Sensor Tower  
  63  6:42  Medivac  
  65  6:49  Siege Tank  
  65  6:52  Factory Tech Lab  
  68  6:54  Missile Turret  
  68  7:00  Supply Depot  
  68  7:07  SCV  
  69  7:16  Marine  
  69  7:17  Marine  
  69  7:18  Marauder  
  69  7:19  SCV  
  74  7:26  Siege Tank  
  77  7:31  SCV, Starport Reactor  
  78  7:38  Siege Tank  
  78  7:40  Marine x2  
  83  7:45  Marauder  
  83  7:46  Concussive Shells  
  85  7:54  SCV  
  86  8:00  Supply Depot  
  86  8:21  SCV, Medivac x2  
  86  8:23  Supply Depot  
  86  8:24  Marine, Marauder  
  86  8:27  Command Center  
  94  8:39  Terran Infantry Armor Level 1  
  94  8:44  SCV, Siege Tank x2, Marine  
  94  8:45  Supply Depot  
  102  9:07  Marine x2  
  102  9:08  Supply Depot  
  104  9:18  Viking x2  
  104  9:22  Orbital Command  
  108  9:24  Missile Turret, Marine  
  109  9:43  Marine x2  
  109  9:45  Cyclone  
  114  9:47  Cyclone  
  114  9:48  Mag-Field Accelerator  
  117  9:59  Armory  
  117  10:00  SCV  
  117  10:03  Armory  
  117  10:04  Refinery  
  118  10:07  SCV  
  118  10:12  SCV  
  120  10:14  Medivac  
  120  10:17  Marauder  
  120  10:19  SCV  
  125  10:24  SCV  
  126  10:29  Refinery  
  126  10:31  SCV  
  126  10:34  Cyclone  
  130  10:36  SCV  
  130  10:38  Marine x2  
  133  10:47  Supply Depot  
  133  10:53  Terran Vehicle And Ship Armor Level 1, Terran Vehicle Weapons Level 1  
  133  10:57  Supply Depot  
  133  11:09  Cyclone, SCV, Marine x2, Marauder  
  141  11:11  Supply Depot  
  141  11:18  SCV  
  141  11:21  SCV  
  141  11:23  Siege Tank  
  146  11:26  Sensor Tower  
  146  11:27  Marine x2  
  146  11:31  SCV  
  149  11:33  SCV  
  149  11:36  Supply Depot x2  
  150  11:41  Thor  
  150  11:43  SCV  
  157  11:55  Command Center  
  157  11:57  SCV x2, Marine x2, Thor  
  157  11:59  Marauder  
  169  12:10  SCV  
  169  12:11  Factory  
  169  12:15  Marine  
  171  12:16  Medivac  
  173  12:26  Orbital Command  
  173  12:39  Supply Depot  
  173  12:42  Supply Depot  
  173  12:59  Factory  
  173  13:15  Factory Tech Lab  
  173  13:17  Medivac x2  
  93  13:44  Barracks  
  56  14:06  Marine  
  56  14:07  Marine  
  56  14:09  Marine  
Show
View Real Time Build Order
Export as new Build Order

Nightmare Protoss - Winner!

Build Orders: Carriers 

Get SALT Encoding   

  12  0:01  Probe  
  13  0:14  Probe  
  14  0:17  Pylon  
  14  0:26  Probe  
  15  0:38  Probe, Gateway  
  16  0:47  Probe  
  16  0:55  Probe  
  17  0:57  Assimilator  
  17  1:03  Forge  
  18  1:07  Probe  
  19  1:19  Pylon  
  19  1:21  Probe  
  20  1:29  Cybernetics Core  
  20  1:43  Photon Cannon  
  20  1:52  Photon Cannon  
  20  2:17  Nexus  
  20  2:25  Assimilator  
  20  2:30  Pylon  
  20  2:38  Probe  
  20  2:42  Stargate  
  21  2:50  Probe  
  22  3:02  Photon Cannon, Probe  
  23  3:12  Assimilator  
  23  3:17  Probe  
  23  3:25  Probe  
  24  3:29  Probe  
  24  3:30  Void Ray  
  30  3:34  Probe  
  30  3:38  Probe  
  31  3:46  Probe  
  31  3:48  Probe  
  34  3:58  Probe  
  34  4:00  Probe  
  34  4:02  Photon Cannon  
  36  4:11  Probe  
  36  4:12  Probe  
  38  4:17  Void Ray  
  42  4:28  Stargate  
  42  4:33  Probe  
  42  4:34  Probe  
  44  4:41  Assimilator  
  44  4:42  Probe x2  
  44  4:46  Protoss Shields Level 1  
  44  4:50  Probe x2, Pylon  
  48  5:02  Protoss Air Weapons Level 1  
  48  5:04  Pylon  
  48  5:06  Shield Battery  
  48  5:08  Void Ray x2  
  56  5:34  Probe x2  
  58  5:44  Nexus  
  58  5:48  Pylon  
  58  5:54  Void Ray  
  62  6:04  Assimilator  
  62  6:07  Pylon  
  62  6:09  Void Ray  
  66  6:12  Shield Battery  
  66  6:16  Photon Cannon  
  66  6:28  Protoss Air Armor Level 1  
  66  6:31  Assimilator  
  66  6:36  Pylon  
  66  6:41  Shield Battery  
  66  6:42  Photon Cannon  
  66  6:56  Fleet Beacon  
  66  7:00  Void Ray  
  70  7:04  Probe  
  71  7:12  Probe, Void Ray  
  75  7:16  Probe  
  75  7:17  Probe  
  75  7:21  Probe  
  78  7:24  Probe  
  78  7:25  Probe  
  81  7:32  Stargate  
  81  7:33  Probe  
  81  7:41  Probe x2  
  84  7:46  Probe, Tempest  
  90  7:53  Probe x2  
  90  7:58  Probe  
  93  8:00  Protoss Air Weapons Level 2  
  93  8:05  Probe  
  93  8:06  Probe  
  93  8:10  Probe  
  93  8:11  Carrier  
  102  8:16  Carrier  
  108  8:35  Mothership  
  108  8:36  Pylon  
  108  8:38  Pylon  
  108  8:41  Pylon  
  108  8:44  Pylon  
  108  8:46  Pylon  
  108  8:48  Pylon  
  108  8:50  Probe  
  108  8:54  Probe, Void Ray  
  122  9:08  Cybernetics Core  
  122  9:16  Carrier  
  128  9:23  Protoss Air Armor Level 2  
  127  9:37  Probe  
  125  9:49  Carrier  
  125  9:50  Probe  
  132  9:55  Pylon  
  132  9:57  Pylon, Carrier  
  132  9:59  Pylon  
  132  10:02  Probe  
  139  10:19  Void Ray  
  143  10:30  Pylon  
  143  10:33  Pylon  
  143  10:35  Pylon  
  143  10:37  Pylon  
  143  10:41  Pylon  
  143  10:44  Pylon  
  143  10:50  Carrier  
  143  10:53  Tempest  
  143  10:54  Protoss Air Weapons Level 3  
  148  10:59  Photon Cannon  
  148  11:01  Photon Cannon  
  148  11:03  Photon Cannon, Carrier  
  160  11:08  Photon Cannon  
  160  11:36  Carrier  
  166  11:49  Nexus  
  166  11:52  Pylon  
  166  11:54  Robotics Facility  
  166  11:55  Pylon  
  166  11:57  Assimilator, Carrier  
  172  12:11  Carrier  
  178  12:40  Carrier  
  184  13:01  Carrier  
Show
View Real Time Build Order
Export as new Build Order

XxDepravity Zerg - Winner!

Build Orders: Pool First 

Get SALT Encoding   

  12  0:03  Drone  
  13  0:18  Overlord  
  13  0:19  Drone  
  14  0:36  Drone x2  
  16  0:51  Drone  
  17  1:03  Spawning Pool  
  16  1:07  Extractor  
  15  1:14  Drone  
  15  1:17  Drone  
  17  1:20  Hatchery  
  16  1:33  Drone x2  
  16  1:37  Drone  
  19  1:51  Queen  
  19  1:52  Zergling x2  
  22  1:59  Overlord  
  22  2:20  Zergling x4  
  24  2:31  Roach Warren  
  24  2:35  Spore Crawler  
  22  2:42  Spine Crawler, Drone x2  
  23  2:44  Queen  
  23  2:46  Drone  
  23  2:49  Zergling x2  
  27  2:57  Drone  
  28  2:59  Drone  
  29  3:10  Overlord  
  29  3:11  Overlord  
  29  3:21  Lair  
  29  3:30  Zergling x6  
  29  3:32  Drone  
  33  3:37  Metabolic Boost  
  33  3:45  Baneling Nest  
  32  3:50  Drone x2  
  34  4:05  Drone x5  
  39  4:10  Spore Crawler  
  39  4:15  Spine Crawler  
  37  4:17  Drone  
  37  4:22  Extractor  
  37  4:23  Drone  
  38  4:26  Roach  
  38  4:30  Overlord  
  40  4:32  Overseer  
  40  4:37  Drone  
  41  4:39  Zergling x2  
  41  4:40  Zergling x2  
  41  4:43  Drone  
  44  4:56  Drone x5  
  44  4:57  Drone  
  50  5:00  Roach  
  52  5:10  Overlord x2  
  52  5:19  Overseer  
  52  5:22  Lair  
  52  5:24  Pneumatized Carapace  
  52  5:33  Drone x5  
  52  5:34  Drone  
  58  5:36  Overlord  
  58  5:43  Extractor  
  58  5:46  Extractor  
  58  5:47  Drone, Roach x2  
  58  5:48  Drone  
  62  5:55  Drone x3  
  65  6:00  Glial Reconstitution  
  65  6:02  Overlord  
  65  6:13  Drone x2  
  65  6:14  Drone x2  
  69  6:24  Spire  
  68  6:27  Hydralisk Den  
  67  6:36  Drone x2  
  67  6:37  Drone x3  
  72  6:40  Burrow  
  72  6:44  Infestation Pit  
  71  7:09  Lurker Den  
  70  7:20  Hatchery  
  70  7:21  Extractor  
  68  7:23  Extractor  
  68  7:25  Muscular Augments, Hydralisk x2, Spore Crawler  
  68  7:26  Hydralisk x3  
  68  7:29  Zergling x2  
  79  7:41  Hive  
  77  7:49  Drone x4  
  81  8:00  Hydralisk  
  81  8:04  Overlord  
  83  8:08  Zerg Flyer Weapons Level 1  
  83  8:16  Evolution Chamber x2  
  83  8:18  Evolution Chamber  
  80  8:48  Zerg Missile Weapons Level 1, Zerg Ground Armor Level 1  
  80  8:49  Zerg Melee Weapons Level 1  
  80  8:52  Corruptor x3  
  87  8:55  Zergling x2  
  87  8:57  Overlord x2, Drone x4  
  87  8:59  Queen  
  93  9:13  Ultralisk Cavern  
  92  9:37  Spore Crawler x2  
  90  9:45  Corruptor x2  
  90  9:46  Corruptor, Spore Crawler  
  95  10:03  Adrenal Glands  
  95  10:11  Chitinous Plating  
  95  10:25  Extractor  
  94  10:31  Greater Spire  
  94  10:35  Ultralisk  
  100  10:46  Zerg Melee Weapons Level 2  
  100  11:06  Drone x2  
  100  11:07  Overlord x6, Drone x3  
  100  11:08  Overlord x2  
  100  11:09  Overlord x2  
  105  11:14  Lair  
  105  11:20  Ultralisk  
  111  11:32  Overseer  
  111  11:33  Overseer  
  111  11:34  Zerg Ground Armor Level 2  
  111  11:35  Zergling x2  
  111  11:36  Zergling x8  
  111  11:37  Zergling x14  
  123  11:53  Brood Lord x3  
  129  11:55  Corruptor  
  129  11:57  Zergling x2  
  129  11:58  Overlord x3, Zergling x4  
  134  12:06  Anabolic Synthesis  
  134  12:40  Ultralisk x3  
  95  13:39  Corruptor  
  95  13:40  Corruptor x7  
  95  13:41  Corruptor x2  
  114  14:01  Brood Lord x2  
Tags
 
Add a new tag
Caveats
  • Supply blocks, unpowered buildings, or Contaminate may cause inaccurate times.
  • Supply counts are checked every 10 seconds.